Cogmind - Beta 11.1 @@@ ROGUE MODE // 2022.06.29 @ 18:48:55 // Winter2019/RPGLIKE Player: Demise Result: Destroyed by G-47 Trooper with Particle Gun Performance ------------- Evolutions (3) 1500 Regions Visited (4) 800 Robots Destroyed (26) 130 Value Destroyed (528) 528 Prototype IDs (3) 60 Alien Tech Used (0) 0 Bonus (0) 0 TOTAL SCORE: 3018 Bonus ------- None Cogmind --------- Core Integrity 0/600 Matter 127/300 Energy 140/140 System Corruption 2% Temperature Cool (9) Movement Core (50) Location -7/Factory Parts ------- > --- POWER (1) -------- Light Deuterium Engine > --- PROPULSION (1) --- (None) > --- UTILITY (3) ------ Improved Sensor Array Improved Signal Interpreter Seismic Detector > --- WEAPON (1) ------- Axe > --- INVENTORY (2) ---- Gauss Rifle Improved Grenade Launcher Peak State ------------ > --- POWER ------------ Light Deuterium Engine > --- PROPULSION ------- (None) > --- UTILITY ---------- Improved Sensor Array Seismic Detector Hacking Suite > --- WEAPON ----------- Gauss Rifle > --- INVENTORY -------- EMP Blaster [Rating: 14] Favorites ----------- Power Light Deuterium Engine Engine Light Deuterium Engine Propulsion None Utility Seismic Detector Device Seismic Detector Processor Improved Signal Interpreter Hackware Hacking Suite Weapon Gauss Rifle Energy Gun Improved Medium Laser Ballistic Gun Gauss Rifle Launcher Improved Grenade Launcher Slashing Weapon Axe Build | -11 -10 -9 -8 -7 ------- Run | Scr Mat Mat Mat Fac Slots Evolved 2 | 1 . . 1 . Power . | . . . . . Propulsion . | . . . . . Utility 2 | 1 . . 1 . Weapon . | . . . . . Parts Attached 23 | 2 3 3 14 1 Power 2 | . 1 . 1 . Engine 2 | . 1 . 1 . Core . | . . . . . Reactor . | . . . . . Propulsion . | . . . . . Treads . | . . . . . Leg . | . . . . . Wheel . | . . . . . Hover . | . . . . . Flight . | . . . . . Utility 5 | 1 . . 4 . Device 3 | 1 . . 2 . Storage . | . . . . . Processor 1 | . . . 1 . Hackware 1 | . . . 1 . Protection . | . . . . . Artifact . | . . . . . Weapon 16 | 1 2 3 9 1 Energy Gun 3 | . 1 2 . . Energy Cannon . | . . . . . Ballistic Gun 9 | 1 1 1 6 . Ballistic Cannon . | . . . . . Launcher 3 | . . . 3 . Special Weapon . | . . . . . Impact Weapon . | . . . . . Slashing Weapon 1 | . . . . 1 Piercing Weapon . | . . . . . Special Melee Weapon . | . . . . . Unidentified Prototypes 3 | . 1 1 1 . Parts Lost . | . . . . . Power . | . . . . . Propulsion . | . . . . . Utility . | . . . . . Weapon . | . . . . . Highest Loss Streak . | . . . . . To Critical Strikes . | . . . . . Average Slot Usage (%) 62 | . 40 40 66 83 Engine 5 | . . . 5 16 Device 25 | . 20 20 25 33 Processor 2 | . . . 1 16 Hackware 9 | . . . 15 . Energy Gun 7 | . 3 16 9 . Ballistic Gun 9 | . 17 3 7 12 Naked Turns . | . . . . . Heaviest Build 13 | 2 4 4 13 11 Greatest Support 13 | 3 3 3 13 13 Greatest Overweight (x) 1 | . 1 1 1 . Average Overweight (x) . | . . . . . Largest Inventory Capacity 2 | 1 1 1 2 2 Average Capacity 1 | 1 1 1 1 2 Most Carried 2 | 1 1 1 2 2 Average Carried 1 | . 1 . 1 1 Final Capacity 2 | 1 1 1 2 2 Final Carried 2 | 1 1 1 1 2 Class Distribution -------------------- 92% | Hacker-Mutant 7% | Mutant Dominant Class ---------------- Hacker-Mutant | -10/Materials Hacker-Mutant | -9/Materials Hacker-Mutant | -8/Materials Hacker-Mutant | -7/Factory Resources | -11 -10 -9 -8 -7 ----------- Run | Scr Mat Mat Mat Fac Matter Collected 776 | 171 . 87 462 56 Remotely . | . . . . . Salvage Created 700 | 118 43 87 369 83 Parts 70 | 5 4 17 36 8 Haulers Intercepted 5 | . 1 1 3 . Recyclers Shooed 1 | . . . 1 . Parts Field Recycled . | . . . . . Retrieved Matter . | . . . . . Parts Self-Destructed . | . . . . . Prevented . | . . . . . Kills | -11 -10 -9 -8 -7 ------- Run | Scr Mat Mat Mat Fac Combat Hostiles Destroyed 13 | . . 5 7 1 Melee 1 | . . . . 1 Guns 7 | . . 5 2 . AOE 5 | . . . 5 . Classes Destroyed 11 | 2 1 2 4 2 Worker 2 | . . . 2 . Tunneler 2 | 2 . . . . Hauler 5 | . 1 1 3 . Recycler 1 | 1 . . . . Operator 1 | . . . . 1 Drone 1 | . . . 1 . Watcher 3 | . . . 3 . Swarmer 7 | . . 4 3 . Grunt 1 | . . . . 1 Sentry 3 | . . 1 2 . Hunter 1 | . . . 1 . Best Kill Streak 5 | 3 1 5 5 1 Combat Bots Only 5 | . . 4 5 1 Max Kills in Single Turn 2 | 1 1 1 2 1 Gunslinging . | . . . . . Exploded 2 | . . . 2 . Melee 1 | . . . . 1 Uniques/NPCs Destroyed . | . . . . . Combat | -11 -10 -9 -8 -7 -------- Run | Scr Mat Mat Mat Fac Damage Taken 705 | . . 242 344 119 Core 604 | . . 206 299 99 Absorbed by Shields . | . . . . . Redirected to Core 323 | . . 107 148 68 Core Remaining (%) 70 | 100 100 65 15 . Volleys Fired 160 | 36 11 24 79 10 Largest 1 | 1 1 1 1 1 Hottest 56 | 20 23 56 56 28 Shots Fired 162 | 36 11 24 81 10 Gun 155 | 36 11 24 74 10 Cannon . | . . . . . Launcher 7 | . . . 7 . Special . | . . . . . Kinetic 125 | 36 11 8 60 10 Thermal 21 | . . 7 14 . Explosive 7 | . . . 7 . Electromagnetic 9 | . . 9 . . Robot Hit Streak 17 | 5 9 8 17 3 Robot Miss Streak 4 | 4 4 4 4 1 Penetration Max . | . . . . . Secondary Targets . | . . . . . Shots Hit Robots 95 | 17 6 19 45 8 Core Hits 48 | 6 3 11 24 4 Critical Kills 1 | . . . 1 . Critical Parts Destroyed . | . . . . . Critical Strikes 1 | . . . 1 . Destroy 1 | . . . 1 . Melee Attacks 7 | . . . . 7 Impact . | . . . . . Slashing 7 | . . . . 7 Piercing . | . . . . . Sneak Attacks . | . . . . . Combat Hostiles . | . . . . . Follow-up Attacks . | . . . . . Damage Inflicted 1808 | 147 105 221 1123 212 Guns 1221 | 147 105 221 677 71 Cannons . | . . . . . Explosions 446 | . . . 446 . Melee 141 | . . . . 141 Ramming . | . . . . . Kinetic 960 | 147 105 43 594 71 Thermal 210 | . . 127 83 . Explosive 446 | . . . 446 . Electromagnetic 51 | . . 51 . . Impact . | . . . . . Slashing 141 | . . . . 141 Piercing . | . . . . . Highest Corruption 2 | . . . 2 2 Average Corruption 1 | . . . 1 2 Corruption Purged . | . . . . . Corruption Blocked . | . . . . . Effects 16 | . . . 12 4 Message Errors 3 | . . . 2 1 Matter Fused 8 | . . . 6 2 Heat Flow Errors 1 | . . . 1 . Data Loss (minor) 1 | . . . 1 . Misfires 2 | . . . 2 . Alerts 1 | . . . . 1 Overload Shots . | . . . . . Overflow Damage 80 | . . . 45 35 Projectiles . | . . . . . Explosions 45 | . . . 45 . Melee 35 | . . . . 35 Knockbacks . | . . . . . Impact . | . . . . . Kinetic . | . . . . . Secondary . | . . . . . Self-Inflicted Damage . | . . . . . Shots . | . . . . . Rammed . | . . . . . Targets Rammed . | . . . . . Kicked . | . . . . . Crushed . | . . . . . Highest Temperature 109 | . . 51 109 10 Average Temperature 15 | . . 24 12 7 Received Heat Transfer 117 | . . 9 27 81 Siege Activations . | . . . . . Robots Corrupted . | . . . . . Combat Hostiles . | . . . . . Parts Fried . | . . . . . Impact Corruptions . | . . . . . Robots Melted . | . . . . . Combat Hostiles . | . . . . . Parts Melted 2 | . . 2 . . Heat Transferred 444 | . . 259 185 . Parts Sabotaged . | . . . . . Parts Stolen . | . . . . . Parts Stripped . | . . . . . Power Chain Reactions . | . . . . . Missiles Intercepted . | . . . . . Alert | -11 -10 -9 -8 -7 ------- Run | Scr Mat Mat Mat Fac Peak Influence 275 | 15 37 171 275 259 Initial 124 | . 9 15 72 124 Average 137 | 2 27 86 175 156 Maximum Alert Level 1 | . . . 1 1 Low Security (%) 72 | 100 100 100 60 70 Level 1 27 | . . . 39 29 Level 2 . | . . . . . Level 3 . | . . . . . Level 4 . | . . . . . Level 5 . | . . . . . High Security . | . . . . . Max Security . | . . . . . Squads Dispatched 4 | . . . 2 2 Investigation 2 | . . . 2 . Extermination . | . . . . . Reinforcement 2 | . . . . 2 Assault . | . . . . . Garrison . | . . . . . Intercept . | . . . . . Searches Triggered . | . . . . . Construction Impeded . | . . . . . Haulers Reinforced . | . . . . . Active Scanning Responses . | . . . . . Cargo Convoy Interrupts . | . . . . . Stealth | -11 -10 -9 -8 -7 --------- Run | Scr Mat Mat Mat Fac Distress Signals 5 | . . 1 4 . Communications Jammed . | . . . . . Distress Signals . | . . . . . Times Spotted 32 | . 4 7 17 4 Peak Tracking Total 5 | . 2 4 5 2 Tactical Retreats 5 | . . . 5 . Traps | -11 -10 -9 -8 -7 ------- Run | Scr Mat Mat Mat Fac Traps Triggered 2 | . . . 1 1 Indirectly . | . . . . . Trap Hack Attempts . | . . . . . Triggered . | . . . . . Disarmed . | . . . . . Reprogrammed . | . . . . . Reused . | . . . . . Traps Extracted . | . . . . . Installed . | . . . . . Triggered . | . . . . . Machines | -11 -10 -9 -8 -7 ---------- Run | Scr Mat Mat Mat Fac Machines Disabled 9 | . . . 5 4 Max in Single Turn 2 | . . . 1 2 Machines Sabotaged . | . . . . . Garrisons Compromised . | . . . . . Overloaded Fab Kills . | . . . . . Hacking | -11 -10 -9 -8 -7 --------- Run | Scr Mat Mat Mat Fac Machines Accessed 9 | . 2 3 4 . Terminals 9 | . 2 3 4 . Fabricators . | . . . . . Repair Stations . | . . . . . Recycling Units . | . . . . . Scanalyzers . | . . . . . Garrison Access . | . . . . . Total Hacks 39 | . 9 13 17 . Successful 21 | . 6 9 6 . Failed 17 | . 2 4 11 . Catastrophic 3 | . . . 3 . Database Lockouts 1 | . 1 . . . Manual 39 | . 9 13 17 . Terminals 39 | . 9 13 17 . Fabricators . | . . . . . Repair Stations . | . . . . . Recycling Units . | . . . . . Scanalyzers . | . . . . . Garrison Access . | . . . . . Terminal Hacks 8 | . 3 4 1 . Robot Analysis 3 | . 1 2 . . Level Access Points 2 | . 1 1 . . Terminal Index 3 | . 1 1 1 . Fabricator Hacks . | . . . . . Repair Station Hacks . | . . . . . Recycling Unit Hacks . | . . . . . Scanalyzer . | . . . . . Garrison Access Hacks . | . . . . . Unauthorized Hacks 13 | . 3 5 5 . Terminals 13 | . 3 5 5 . Track 1 | . . 1 . . Botnet 9 | . 2 3 4 . Operators 3 | . 1 1 1 . Fabricators . | . . . . . Repair Stations . | . . . . . Recycling Units . | . . . . . Scanalyzers . | . . . . . Garrison Access . | . . . . . Data Cores Recovered . | . . . . . Used . | . . . . . Hacking Detections 9 | . 2 3 4 . Full Trace Events 3 | . 1 . 2 . Feedback Events 1 | . . . 1 . Corruption 1 | . . . 1 . Feedback Blocked . | . . . . . Robot Schematics Acquired . | . . . . . Robots Built . | . . . . . Authchips . | . . . . . Time . | . . . . . Total Robot Build Rating . | . . . . . Part Schematics Acquired . | . . . . . Parts Built . | . . . . . Authchips . | . . . . . Time . | . . . . . Total Part Build Rating . | . . . . . Parts Repaired . | . . . . . Time . | . . . . . Parts Recycled . | . . . . . Recycled Matter . | . . . . . Retrieved Matter . | . . . . . Retrieved Components . | . . . . . Parts Scanalyzed . | . . . . . Part Schematics Acquired . | . . . . . Parts Damaged . | . . . . . Bothacking | -11 -10 -9 -8 -7 ------------ Run | Scr Mat Mat Mat Fac Used RIF Installer . | . . . . . Robots Hacked . | . . . . . Non-combat . | . . . . . Combat . | . . . . . Robot Hacks Applied . | . . . . . Relay Couplers Released . | . . . . . Fabnet Peak Effective % . | . . . . . Robots Rewired . | . . . . . Allies Hacked . | . . . . . Hacks Repelled . | . . . . . Allies | -11 -10 -9 -8 -7 -------- Run | Scr Mat Mat Mat Fac Total Allies . | . . . . . Largest Group . | . . . . . Highest-Rated Group . | . . . . . Highest-Rated Ally . | . . . . . Total Orders . | . . . . . Ally Attacks . | . . . . . Total Damage . | . . . . . Kills . | . . . . . Allies Corrupted . | . . . . . Allies Melted . | . . . . . Intel | -11 -10 -9 -8 -7 ------- Run | Scr Mat Mat Mat Fac Robot Analysis Total 3 | . 1 2 . . Derelict Logs Recovered . | . . . . . Drone Launches . | . . . . . Drone Recoveries . | . . . . . Exploration | -11 -10 -9 -8 -7 ------------- Run | Scr Mat Mat Mat Fac Turns Passed 1667 | 86 194 174 989 224 Spaces Moved 1566 | 35 197 165 806 363 Core 1566 | 35 197 165 806 363 Treads . | . . . . . Legs . | . . . . . Wheels . | . . . . . Hover . | . . . . . Flight . | . . . . . Fastest Speed 50 | 50 50 50 50 50 Average Speed 70 | 50 83 70 78 50 Slowest Speed 100 | 50 100 100 100 50 Overloaded Moves . | . . . . . Propulsion Burnouts . | . . . . . Robots Hopped . | . . . . . Cave-ins Triggered . | . . . . . Exploration Rate (%) 21 | 4 40 24 32 8 Regions Visited 4 Branch Regions . Pre-discovered Areas . | . . . . . Known Exits Taken 3 | . 1 1 1 . Unknown Exits Taken 1 | 1 . . . . Scrap Searched . | . . . . . Spaces Dug 4 | . . . 2 2 Terrain Destroyed 87 | . . . 49 38 Melee 2 | . . . . 2 Projectile 4 | . . . 4 . AOE 81 | . . . 45 36 Terrain Rammed . | . . . . . Walls Destroyed . | . . . . . Machines Disabled . | . . . . . Actions | -11 -10 -9 -8 -7 --------- Run | Scr Mat Mat Mat Fac Total 1955 | 73 216 200 1083 383 Wait 179 | . 1 2 175 1 Move 1562 | 34 196 164 805 363 Hop . | . . . . . Pick Up 7 | 1 1 2 3 . Fast Attach 14 | 2 2 3 6 1 Attach 2 | . . . 2 . Detach 3 | . . . 2 1 Swap 7 | . 1 . 6 . Drop 14 | . 4 5 5 . Fire 160 | 36 11 24 79 10 Melee 7 | . . . . 7 Ram . | . . . . . Kick . | . . . . . Crush . | . . . . . Escape Stasis . | . . . . . Rewire . | . . . . . Trap . | . . . . . Miscellaneous . | . . . . . Route ------- -11/Scrapyard -10/Materials (discovered 4 exits: *Mat x3 / [*Min]) -9/Materials (discovered 3 exits: *Mat x3) -8/Materials -7/Factory History --------- Turn | Location | Event 1 | -11/Scrapyard | Upgraded with Utility slot (x1) 7 | -11/Scrapyard | Discovered new exit (range 16) 87 | -11/Scrapyard | Entered Materials 120 | -10/Materials | Identified exit to Materials 142 | -10/Materials | Central database locked down 238 | -10/Materials | Discovered new exit (range 12) 281 | -10/Materials | Entered another Materials area 283 | -9/Materials | Reached level 2 317 | -9/Materials | Identified exit to Materials 419 | -9/Materials | Build established: Hacker-Mutant 455 | -9/Materials | Entered another Materials area 457 | -8/Materials | Reached level 3 885 | -8/Materials | Upgraded with Utility slot (x1) 928 | -8/Materials | Core integrity fell below 50% 1110 | -8/Materials | Reached level 4 1324 | -8/Materials | Core integrity fell below 20% 1341 | -8/Materials | Discovered new exit (range 11) 1444 | -8/Materials | Identified exit to Factory 1444 | -8/Materials | Entered Factory 1445 | -7/Factory | Core integrity fell below 50% 1445 | -7/Factory | Core integrity fell below 20% 1446 | -7/Factory | Reached level 5 1668 | -7/Factory | Destroyed by G-47 Trooper with Particle Gun Last Messages --------------- 01575_ O-24 Administrator: "IFF HANDSHAKE FAILED. SECURING TERMINAL." 01578_ ALERT: All DSF locations entering lockdown mode. 01581_ Slug penetrates O-24 Administrator. 01582_ Slug penetrates K-01 Serf. 01586_ ALERT: Hostiles spotted, dispatching reinforcements to Terminal F007. 01589_ Slug penetrates Wall. 01593_ Slug penetrates O-24 Administrator. 01593_ O-24 Administrator destroyed. 01600_ K-01 Serf collects debris. 01611_ System corrupted: IFF burst signal emitted. 01619_ O-16 Technician: "IFF HANDSHAKE FAILED. SECURING TERMINAL." 01619_ Acquired Axe. 01620_ O-16 Technician uses terminal to summon reinforcements. 01620_ ALERT: Hostiles spotted, dispatching reinforcements to Terminal F001. 01620_ O-16 Technician locks terminal. 01627_ Destroyed Datajack. 01627_ Destroyed Hover Unit. 01659_ G-47 Trooper destroyed. 01662_ Acquired 56 matter. 01664_ Critical hit (Burn: +37). Map ----- +----------------------------------------------------+ | ?????????????????????????????????????????????????? | | ?????????????????????????????????????????????????? | | ?????????????????????????????????????????????????? | | ?????????????????????????????????????????????????? | | ?????????????????????????????????????????????????? | | ?????????????????????????????????????????????????? | | ?????????????????????????????????????????????????? | | ?????????????????????????????????????????????????? | | ????????????????????+????????????????????????????? | | ???????????????????? ????????????????????????????? | | ???????????????????? ????????????????????????????? | | ???????????????????? ????????????????????????????? | | ???????????????????? ????????????????????????????? | | ???????????????????? ????????????????????????????? | | ???????????????????? ????????????????????????????? | | ???????????????????# #???????????????????????????? | | ???????????????????#o#???????????????????????????? | | ???????????????????# #???????????????????????????? | | ???????????????????# #???????????????????????????? | | ???????????????????#Y#???????????????????????????? | | ???????????????????# #???????????????????????????? | | ???????????????????# #???????????????????????????? | | ???????????????????# #???????????????????????????? | | ???????????????????# #???????????????????????????? | | ???????????????????# ########T####???????????????? | | ???????????????????# !=@g* +???????????????? | | #################### ##########???????????????? | | ##????????????????????? | | "#????????????????????? | | ##????????????????????? | | """ """ """ #?????????????????????? | | """"" """"" """"" #?????????????????????? | | """"" """"" """"" "" #?????????????????????? | | T" #?????????????????????? | | "" #?????????????????????? | | #?????????????????????? | | #??##?????????????????? | | ### #############+##+###"#?????????????????? | | ??#########?????#/ #??????????????????? | | ????????????????# """ """ #??????????????????? | | ????????????????# """ """ #??????????????????? | | ????????????????# [[ """ """ #??????????????????? | | ????????????????# [[ #??????????????????? | | ????????????????# [ #??????????????????? | | ????????????????###############??????????????????? | | | | | | | | | | | +----------------------------------------------------+ Best States ------------- Heat Dissipation 25 Energy Generation 14 Energy Capacity 140 Matter Stores 300 Matter Capacity 300 Sight Range 17 Robot Scan Range 15 Terrain Scan Density 10 Evasion (%) 50 Offensive Hacking 20 Defensive Hacking 10 Item Schematics ----------------- None Robot Schematics ------------------ None Fabricated ------------ Nothing Alien Tech Used ----------------- None Achievements -------------- None Challenges ------------ None RPGLIKE | -11 -10 -9 -8 -7 --------- Run | Scr Mat Mat Mat Fac Levels Raised 4 | . . 1 2 1 XP Earned 10155 | 3000 75 2135 3045 1900 XP Spent 4150 | 750 1300 . 2100 . Upgrades 11 | 2 4 . 5 . Utility Slot 2 | 1 . . 1 . Mass Support 2 | . . . 2 . Inventory Capacity 2 | 1 . . 1 . Sight Range 1 | . . . 1 . Hack Attack % 2 | . 2 . . . Hack Defense % 2 | . 2 . . . Protomatter Created 123 | . . 70 53 . Protomatter Decayed 31 | . . 12 19 . Game ------ Seed HardcellNuclearThrower Manual? 0 Play Time 00:21:27 Cumulative 656.8 hours Start 2022.06.29 @ 17:59:03 End 2022.06.29 @ 18:48:55 Sessions 3 Manual Loads 0 Difficulty Rogue Special Mode Winter2019/RPGLIKE Game No. 542 Rogue 542 Adventurer 0 Explorer 0 Win Type - Total 8 Types 7/0/0/1/0/0/0/0/0 Lore% 75 Gallery% 86 Achievement% 69 Wizard Run 0 Options --------- ASCII 0 Keyboard 1 Movement Numpad Keybinds 0 Fullscreen 1 Font 12/Terminus Map View 83x54 Tactical HUD 1 Map Filters NONE Filters NONE Steam 1 RUN: c7405728-b32f-4233-8990-86b025124749